 Dungeon Crawl Stone Soup version 0.29.0-4-gdea44cf6ec (webtiles) character file.

Game seed: 17466188404760200648

19 qw the Firebug (level 2, -5/23 HPs)
             Began as a Ghoul Fire Elementalist on Aug 29, 2022.
             Slain by Sigmund
             ... wielding a +0 scythe
              (10 damage)
             ... on level 2 of the Dungeon.
             The game lasted 00:00:58 (1297 turns).

qw the Firebug (Ghoul Fire Elementalist)            Turns: 1297, Time: 00:00:59

Health: -5/23      AC:  3    Str: 11    XL:     2   Next: 75%
Magic:  3/3        EV: 11    Int: 10    God:
Gold:   13         SH:  0    Dex:  9    Spells: 3/4 levels left

rFire   . . .      SeeInvis .     - Unarmed
rCold   + . .      Faith    .   (no shield)
rNeg    + + +      Spirit   .   e - +0 leather armour
rPois   inf        Reflect  .   (no helmet)
rElec   .          Harm     .   (no cloak)
rCorr   .          Rampage  .   (no gloves)
Will    .....                   (no boots)
Stlth   +.........              (no amulet)
HPRegen 0.00/turn               (no ring)
MPRegen 0.08/turn               (no ring)

@: inhibited regen
A: claws 1, cold resistance 1, negative energy resistance 3, inhibited
regeneration, torment resistance 2, devour on kill
a: no special abilities


You were on level 2 of the Dungeon.
You visited 1 branch of the dungeon, and saw 2 of its levels.

You collected 13 gold pieces.


Innate Abilities, Weirdness & Mutations

You are immune to poison.
You have sharp fingernails.
Your flesh is cold resistant. (rC+)
You are immune to negative energy. (rN+++)
You do not regenerate when monsters are visible.
You are immune to unholy pain and torment.
You thrive by killing the living.


   Skills:
 - Level 1.0 Fighting
 - Level 1.7 Dodging
 - Level 2.1 Stealth
 + Level 2.1 Unarmed Combat
 - Level 1.7 Spellcasting
 - Level 0.7 Conjurations
 - Level 2.4 Fire Magic


You had 3 spell levels left.
You knew the following spells:

 Your Spells              Type           Power      Damage    Failure   Level
a - Foxfire               Conj/Fire      16%        2x1d4     22%         1

Your spell library contained the following spells:

 Spells                   Type           Power      Damage    Failure   Level
 Scorch                   Fire           10%        2d6       24%         2
 Conjure Flame            Conj/Fire      4%         6-21      54%         3
 Inner Flame              Hex/Fire       3%         N/A       61%         3
 Flame Wave               Conj/Fire      4%         2d5       91%         4

Inventory:

Armour
 e - a +0 leather armour (worn)
Potions
 h - a potion of flight {unknown}
 j - a potion of lignification {unknown}

Dungeon Overview and Level Annotations

Branches:
Dungeon (1/15)

Altars:

Shops:
D:2 [

Annotations:
D:2 Sigmund


Message History

You barely miss Sigmund.
A rat comes into view.
Sigmund misses you.
You scratch Sigmund but do no damage. You scratch Sigmund.
Sigmund is lightly wounded.
Your butterfly disappears in a burst of colours!
Sigmund points at you and mumbles some strange words.
The puff of flame misses you. The puff of flame hits your butterfly.
Your butterfly dies!
Your butterfly disappears in a burst of colours!
You scratch Sigmund but do no damage.
Sigmund is lightly wounded.
Sigmund hits you with a +0 scythe.
You closely miss Sigmund.
Sigmund is lightly wounded.
Sigmund closely misses you.
You barely miss Sigmund.
Sigmund is lightly wounded.
Your butterfly disappears in a burst of colours! x2
You scratch Sigmund.
Sigmund is lightly wounded.
Sigmund hits you with a +0 scythe!
You scratch Sigmund.
Sigmund is moderately wounded.
The rat bites you.
You scratch Sigmund.
Sigmund is heavily wounded.
Sigmund barely misses you. The rat bites you.
You scratch Sigmund but do no damage.
Sigmund is heavily wounded.
Your butterfly disappears in a burst of colours!
Sigmund misses you. The rat bites you but does no damage.
You barely miss Sigmund.
Sigmund is heavily wounded.
The rat bites you but does no damage.
You barely miss Sigmund.
Sigmund is heavily wounded.
Sigmund hits you with a +0 scythe!
You die...

..............
....#####.#.#### ..
##...####..#.# # #
..##..........#.# #
#. ........####..#.#
# .. [....b......#.#
# ..##.
#....#####.#.# #
#.?...##...######.#.#
# #..@@..b.).......#
#
......##r...#####.###
...#< #.#..# #.# . ..
#.#..# #.# .. #.#..#
#.# #( #....# #.# .
##.#.# #.# #.#.. ..#
..###


You could see Sigmund and a rat.

Vanquished Creatures
  3 ball pythons (D:2)
  3 endoplasms (D:1)
  3 goblins (D:1)
  A quokka (D:1)
  A frilled lizard (D:1)
  4 kobolds
  4 rats
19 creatures vanquished.

Notes
Turn   | Place    | Note
-------+----------+-------------------------------------------
     0 | D:1      | qw the Ghoul Fire Elementalist began the quest for the Orb.
     0 | D:1      | Reached XP level 1. HP: 14/14 MP: 2/2
     0 | D:1      | 0 ||| qw: Version: 0.1-a-90-g952f4b7
     0 | D:1      | 0 ||| qw: Game counter: 4241
     0 | D:1      | 0 ||| qw: Always use a shield: true
     0 | D:1      | 0 ||| qw: God list: Okawaru
     0 | D:1      | 0 ||| qw: Allow faded altars: false
     0 | D:1      | 0 ||| qw: Do Orc after D:15 true
     0 | D:1      | 0 ||| qw: Do second Lair branch before Depths: true
     0 | D:1      | 0 ||| qw: Lair rune preference: random
     0 | D:1      | 0 ||| qw: Plans: Normal
     0 | D:1      | 0 ||| PLANNING D:1-11
   422 | D:1      | Reached skill level 1 in Unarmed Combat
   548 | D:1      | 548 ||| Stepping ~*~*~tactically~*~*~ (stealth).
   639 | D:1      | Reached skill level 1 in Fighting
   639 | D:1      | Reached XP level 2. HP: 23/23 MP: 3/3
   806 | D:1      | HP: 4/23 [quokka (2)]
  1067 | D:1      | You fall into a shaft and drop 1 floor!
  1075 | D:2      | Found Siebbuo's Antique Armour Shoppe.
  1107 | D:2      | 1107 ||| SHOPLISTING cloak (108 gold, have 13).
  1107 | D:2      | 1107 ||| SHOPLISTING glowing helmet (180 gold, have 13).
  1107 | D:2      | 1107 ||| SHOPLISTING glowing leather armour (120 gold, have
                  | 13).
  1107 | D:2      | 1107 ||| SHOPLISTING glowing ring mail (168 gold, have 13).
  1107 | D:2      | 1107 ||| SHOPLISTING runed helmet (180 gold, have 13).
  1107 | D:2      | 1107 ||| SHOPLISTING scale mail (96 gold, have 13).
  1115 | D:2      | Found a faded altar of an unknown god.
  1245 | D:2      | 1245 ||| UPGRADING to +0 leather armour.
  1257 | D:2      | 1257 ||| DROPPING +0 robe.
  1261 | D:2      | 1261 ||| DROPPING amulet of magic regeneration.
  1262 | D:2      | 1262 ||| DROPPING ring of wizardry.
  1263 | D:2      | 1263 ||| READING scroll labelled NUBUET FAIMESU.
  1264 | D:2      | 1264 ||| READING scroll labelled SAROER NESAECSEI.
  1265 | D:2      | 1265 ||| READING scroll labelled BIXKUA POABLOI.
  1266 | D:2      | 1266 ||| READING scroll labelled YNA XONLIEQ.
  1278 | D:2      | 1278 ||| DROPPING potion of magic.
  1278 | D:2      | Noticed Sigmund
  1279 | D:2      | 1279 ||| Stepping ~*~*~tactically~*~*~ (hiding).
  1294 | D:2      | HP: 5/23 [rat (1)]
  1297 | D:2      | Slain by Sigmund

Levels and vault maps discovered:
D:1:      dpeg_arrival_arbitrary_a, layout_loops_ring, minmay_door_square,
          amcnicky_mini_pool_small
D:2:      minmay_skewed_foursquare, layout_loops_ring, serial_shops,
          shop_statue, shapermc_ecumenical_altar_ellora, uniq_sigmund

Skill      XL: |  1  2 |
---------------+-------+-----
Unarmed Combat | 1 2 |  2.1
Fighting       | 1 |  1.0
Dodging        | |  1.7
Stealth        | |  2.1
Spellcasting   | |  1.7
Conjurations   | |  0.7
Fire Magic     | |  2.4

Action                   || total
-------------------------++-------
Melee: Unarmed           ||    80
  Use: Scroll            ||     4
 Stab: Distracted        ||     1
Armor: Robe              ||     7
       Leather armour    ||     3
Dodge: Dodged            ||    31

Table legend:
 A = Non-vault XP
 B = Vault XP
 C = Vault XP percentage of total XP
 D = Non-vault monster count
 E = Vault monster count
 F = Vault count percentage of total count
                 A         B        C        D         E       F
            +---------+---------+-------+---------+---------+-------
      Total |      27 |       1 |   3.6 |      18 |       1 |   5.3
            +---------+---------+-------+---------+---------+-------
        D:1 |      20 |       0 |   0.0 |      13 |       0 |   0.0
        D:2 |       7 |       1 |  12.5 |       5 |       1 |  16.7
            +---------+---------+-------+---------+---------+-------
